 Dungeon Crawl Stone Soup version 0.28.0-47-ge53b351184 (webtiles) character file.

Game seed: 6515967065818180972

2289 issech the Chopper (level 9, -5/78 HPs)
             Began as a Troll Monk on May 9, 2022.
             Was a Priest of Hepliaklqana.
             Slain by an orc warrior
             ... wielding a +0 trident
              (10 damage)
             ... in a bailey.
             The game lasted 00:30:21 (5780 turns).

issech the Chopper (Troll Monk)                     Turns: 5780, Time: 00:30:22

Health: -5/78      AC:  4    Str: 21    XL:     9   Next: 17%
Magic:  17/17      EV: 12    Int:  6    God:    Hepliaklqana [***...]
Gold:   388        SH:  5    Dex: 16    Spells: 8/8 levels left

rFire   . . .      SeeInvis .   F - +1 flail (protect)
rCold   . . .      Faith    .   (no shield)
rNeg    . . .      Spirit   .   g - +0 animal skin
rPois   .          Reflect  +   (helmet restricted)
rElec   .          Harm     .   (no cloak)
rCorr   .          Rampage  .   (gloves unavailable)
Will    .....                   (boots unavailable)
Stlth   ++........              a - amulet "Dot Awin" {Reflect *Slow Regen+ MP+9 SH+5}
HPRegen 1.83/turn               b - ring of wizardry
MPRegen 0.15/turn               (no ring)

@: very slow
A: reduced essence, large, unfitting armour, claws 3, regeneration 1, shaggy fur
1, tough skin 1
a: Renounce Religion, Recall Ancestor, Ancestor Identity, Transference


You were in a bailey.
You worshipped Hepliaklqana.
Hepliaklqana was most pleased with you.
You visited 2 branches of the dungeon, and saw 8 of its levels.
You also visited: Bailey.

You collected 388 gold pieces.

Inventory:

Hand Weapons
 d - a +0 whip of draining
 f - a +2 vampiric spear
 h - a +2 vampiric war axe
 k - a +0 giant spiked club
 l - a +1 hunting sling of freezing
 o - a +0 dagger of draining
 F - a +1 flail of protection (weapon)
 I - a +2 dagger of draining
 J - a +3 rapier of venom
 K - a +1 dagger of venom
 L - a +1 hunting sling of freezing
 N - a +2 trident of freezing
 O - a +3 trident
Missiles
 c - 172 stones (quivered)
 i - 130 arrows
 t - 3 javelins
 u - 40 sling bullets
 z - 34 bolts
 E - 6 poisoned darts
Armour
 g - a +0 animal skin (worn)
Jewellery
 a - the amulet "Dot Awin" (around neck) {Reflect *Slow Regen+ MP+9 SH+5}
   (You acquired it on level 6 of the Dungeon)

   [amulet of reflection]

   It reflects blocked missile attacks.
   MP:        It affects your magic capacity (+9).
   Regen:     It increases your rate of health regeneration.
   *Slow:     It may slow you when you take damage.
   SH:        It affects your SH (+5).
 b - a ring of wizardry (left claw)
 A - an amulet of guardian spirit
Scrolls
 j - a scroll of magic mapping
 q - 5 scrolls of teleportation
 s - 3 scrolls of amnesia
 y - a scroll of blinking
 D - a scroll of silence
 G - a scroll of fear {unknown}
 M - a scroll of vulnerability {unknown}
Potions
 e - 4 potions of curing {unknown}
 m - a potion of cancellation {unknown}
 n - a potion of heal wounds {unknown}
 p - a potion of haste {unknown}
 r - a potion of invisibility {unknown}
 v - a potion of might {unknown}
 w - 2 potions of resistance {unknown}
 x - a potion of magic {unknown}
 C - 3 potions of mutation {unknown}
 H - a potion of brilliance {unknown}


   Skills:
 + Level 4.8 Fighting
 + Level 5.9(6.5) Axes
 + Level 4.7(6.3) Maces & Flails
 + Level 1.6 Throwing
 + Level 4.9 Dodging
 + Level 2.9 Stealth
 + Level 0.9 Shields


You had 8 spell levels left.
You didn't know any spells.
Your spell library contained the following spells:

 Spells                   Type           Power      Damage    Failure   Level
 Magic Dart               Conj           0%         1d3       21%         1
 Call Imp                 Summ           0%         N/A       28%         2
 Mephitic Cloud           Conj/Pois/Air  0%         N/A       50%         3


Dungeon Overview and Level Annotations

Branches:
Dungeon (7/15)             Temple (1/1) D:4          Bailey (1/1)

Altars:
Ashenzari
Cheibriados
Dithmenos
Elyvilon
Fedhas
Gozag
Hepliaklqana
Makhleb
Okawaru
Qazlal
Sif Muna
Uskayaw
Vehumet
Wu Jian
Xom
Yredelemnul
Zin
The Shining One

Shops:
D:3 [   D:5 (   D:6 :   D:7 ?


Innate Abilities, Weirdness & Mutations

Your life essence is reduced to manifest your ancestor. (-10% HP)
You are too large for most types of armour.
You have claws for hands.
Your natural rate of healing is unusually fast.
You are covered in fur. (AC +1)
You have tough skin. (AC +1)


Message History

Throw: 173 stones
Press: ? - help, Q - select action, (/) - cycle Shift-Dir - straight line, f/p - orc warrior
Aim: an orc warrior, wielding a +0 halberd and wearing a +0 chain mail (almost dead, strong, 58% to hit)
You throw a stone.
The stone hits the orc knight but does no damage.
The orc knight is severely wounded.
The orc knight hits you from afar with a +0 halberd!
Xiuhtonal casts a spell at the orc knight.
The stone arrow hits the orc knight.
The orc knight hits Xiuhtonal with a +0 halberd!!
The orc warrior hits Xiuhtonal with a +0 halberd!
Xiuhtonal is destroyed!
You closely miss the orc knight.
The orc knight shouts!
The orc knight is severely wounded.
The orc knight hits you with a +0 halberd!!
You hit the orc knight but do no damage.
Your weapon exudes an aura of protection.
The orc knight is severely wounded.
The orc warrior barely misses you.
You barely miss the orc knight.
The orc knight is severely wounded.
The orc knight splashes around in the water.
The orc warrior hits you from afar with a +0 halberd!
* * * LOW HITPOINT WARNING * * *
The orc knight hits you with a +0 halberd!
* * * LOW HITPOINT WARNING * * *
The orc knight hits you from afar with a +0 halberd!
* * * LOW HITPOINT WARNING * * *
The orc warrior shouts!
The orc knight jeers loudly.
The orc warrior no longer looks unusually strong.
The orc warrior hits you from afar with a +0 trident.
* * * LOW HITPOINT WARNING * * *
You enter the shallow water.
Moving in this stuff is going to be slow.
The orc warrior hits you with a +0 trident!
* * * LOW HITPOINT WARNING * * *
The orc warrior hits you with a +0 trident!
You die...

#.≈≈).##.## §....§≈ ##
#∩.≈≈..#o# §.⌠...≈ #
##.≈≈..#'# .⌠∩⌠... #
#.≈≈..## # ≈.....§≈ #
#.≈(.## ≈≈≈§≈≈. #.≈.##
......
#.≈.#############'###'####
#.≈.......o..##.....##...)
#.≈≈≈o≈o≈@≈≈..##.∩.##..≈)≈
#..........≈≈..## ##.)≈≈..
##########..≈≈..###..)≈..#
##..≈≈.....≈≈.)##
##..≈≈≈≈o≈≈..##
##.........## ###########


You could see an orc knight and 2 orc warriors.

Vanquished Creatures
  Eustachio (D:5)
  2 orc warriors
  A necrophage (D:4)
  2 ogres
  A centaur (D:7)
  A kobold brigand (D:4)
  2 hounds
  A centaur skeleton (D:2)
  A gnoll shaman (D:5)
  Terence (D:2)
  3 iguanas
  An orc wizard (D:6)
  A hound skeleton (D:4)
  Robin (D:2)
  3 adders (D:4)
  10 gnolls
  A shadow imp (D:6)
  An ufetubus (D:4)
  3 worms
  5 dart slugs
  16 orcs
  3 bats
  5 endoplasms
  4 giant cockroaches
  11 goblins
  8 hobgoblins
  3 quokkas
  5 ball pythons
  3 frilled lizards
  10 kobolds
  2 rats (D:1)
112 creatures vanquished.

Vanquished Creatures (collateral kills)
  A steam dragon (D:6)
  An orc warrior (Bailey)
  A black bear (D:7)
  A sky beast (D:7)
  A necrophage (D:4)
  A centaur (D:7)
  A kobold brigand (D:7)
  A gnoll sergeant (D:7)
  A scorpion (D:6)
  A hound (D:5)
  An orc priest (D:6)
  2 gnoll shamans
  A scorpion zombie (D:5)
  7 gnolls
  A howler monkey skeleton (D:6)
  2 adders (D:5)
  A white imp (D:5)
  A dart slug (D:5)
  10 orcs
  3 goblins (D:7)
  4 kobolds (D:7)
43 creatures vanquished.

Vanquished Creatures (others)
  8 battlemagi (Bailey)
  33 plants
41 creatures vanquished.

Grand Total: 196 creatures vanquished

Notes
Turn   | Place    | Note
-------+----------+-------------------------------------------
     0 | D:1      | issech the Troll Monk began the quest for the Orb.
     0 | D:1      | Reached XP level 1. HP: 22/22 MP: 0/0
    43 | D:1      | You fall into a shaft and drop 1 floor!
    70 | D:2      | Noticed Robin
    81 | D:2      | Reached XP level 2. HP: 29/29 MP: 1/1
    96 | D:2      | Reached XP level 3. HP: 17/36 MP: 2/2
   156 | D:2      | Killed Robin
   331 | D:2      | Reached XP level 4. HP: 45/45 MP: 3/3
   338 | D:2      | Noticed Terence
   345 | D:2      | Killed Terence
  1123 | D:1      | Found a faded altar of an unknown god.
  1795 | D:3      | Found Yrulaah's Antique Armour Emporium.
  2325 | D:4      | Noticed an ogre
  2337 | D:4      | Killed an ogre
  2338 | D:4      | Reached skill level 1 in Axes
  2338 | D:4      | Reached XP level 5. HP: 32/53 MP: 4/4
  2419 | D:4      | Noticed a necrophage
  2433 | D:4      | Killed a necrophage
  2434 | D:4      | Reached skill level 2 in Axes
  2434 | D:4      | Reached XP level 6. HP: 61/61 MP: 5/5
  2724 | D:4      | Reached skill level 3 in Axes
  2802 | D:4      | Found a staircase to the Ecumenical Temple.
  2815 | Temple   | Entered the Ecumenical Temple
  2888 | Temple   | Became a worshipper of Hepliaklqana the Forgotten
  2888 | Temple   | Reached * piety under Hepliaklqana
  2888 | Temple   | Reached ** piety under Hepliaklqana
  2889 | Temple   | Remembered your ancestor Xiuhtonal as a battlemage
  3073 | D:4      | Reached XP level 7. HP: 60/60 MP: 6/6
  3417 | D:5      | Entered Level 5 of the Dungeon
  3547 | D:5      | Reached skill level 4 in Axes
  3628 | D:5      | Found a stormy altar of Qazlal.
  3640 | D:5      | Found an ornate altar of the Wu Jian Council.
  3934 | D:5      | Noticed Eustachio
  3938 | D:5      | Found Hyim's Antique Weapon Boutique.
  3942 | D:5      | Killed Eustachio
  3943 | D:5      | Reached skill level 1 in Throwing
  4301 | D:6      | Reached XP level 8. HP: 70/70 MP: 7/7
  4324 | D:6      | Reached skill level 5 in Axes
  4571 | D:6      | Found Lod Zoh's Self-Improvement Boutique.
  4742 | D:6      | Identified a scroll of acquirement
  4743 | D:6      | Acquired the amulet "Dot Awin" {Reflect *Slow Regen+ MP+9
                  | SH+5}
  4818 | D:6      | Reached *** piety under Hepliaklqana
  5008 | D:6      | Found a burning altar of Makhleb.
  5008 | D:6      | Noticed an Executioner
  5125 | D:7      | Found Kukhly's Magic Scroll Boutique.
  5205 | D:7      | Reached XP level 9. HP: 67/76 MP: 8/8
  5233 | D:7      | Found a flagged portal.
  5244 | Bailey   | Entered a bailey
  5303 | Bailey   | Noticed an orc knight
  5411 | Bailey   | Noticed an orc knight
  5780 | Bailey   | Slain by an orc warrior

Illustrated notes

Levels and vault maps discovered:
D:1:      roderic_crop_circles_arrival_small, layout_rooms,
          shapermc_ecumenical_altar_venn, minmay_tree_intersection,
          columned_hall_lemuel
D:2:      layout_loops_ring, minmay_misc_feat_alley, minmay_cut_off,
          uniq_terence, uniq_robin
D:3:      layout_loops_corners, serial_shops, nicolae_shop_overgrown_old_shop
D:4:      layout_basic, temple_doors_cd, serial_bayou_crossing
D:5:      layout_cave_pools, mainiacjoe_overflow_big_doors, serial_shops, shop,
          uniq_eustachio
D:6:      layout_loops_cross, makhleb_altar_promises_db, nicolae_shop_self_help
D:7:      layout_rooms, kiku_gazebo_pond_becter, lemuel_tele_altar,
          enter_bailey_3, serial_shops, shop, minmay_misc_feat_encased
Temple:   regret_index_temple_generic_petals
Bailey:   bailey_polearm_1, bailey

Skill      XL: |  1  2  3  4  5  6  7  8 |
---------------+-------------------------+-----
Maces & Flails | 3 4 |  4.7
Dodging        | 3 4 |  4.9
Fighting       | 3 4 |  4.8
Axes           | 1 2 3 4 5 |  5.9
Stealth        | 2 |  2.9
Throwing       | 1 |  1.6
Shields        | |  0.9

Action                   |  1- 3 |  4- 6 |  7- 9 || total
-------------------------+-------+-------+-------++-------
Melee: Mace              |    21 |       |       ||    21
       Whip              |    47 |       |       ||    47
       Punch             |     2 |       |     1 ||     3
       War axe           |    12 |   122 |    55 ||   189
       Flail             |       |       |    80 ||    80
Throw: Javelin           |       |     3 |       ||     3
       Stone             |       |     1 |     3 ||     4
       Boomerang         |       |     6 |    70 ||    76
Invok: Ancestor Life: Ba |       |     1 |       ||     1
  Use: Scroll            |       |     3 |     5 ||     8
 Stab: Sleeping          |       |     5 |     2 ||     7
       Distracted        |       |       |     3 ||     3
Armor: Robe              |    28 |       |       ||    28
       Animal skin       |     2 |    36 |    67 ||   105
Dodge: Dodged            |    48 |    83 |    99 ||   230
Block: Other             |       |       |    37 ||    37
